 Dungeon Crawl Stone Soup version 0.14-a0-77-g9a1e883 (webtiles) character file.

1718 PolkaDot the Ruinous (level 8, -4/50 HPs)
             Began as a Vampire Wizard on Sept 30, 2013.
             Was a Follower of Vehumet.
             Slain by an orc warrior
             ... wielding a +0,+3 orcish war axe
              (18 damage)
             ... on Level 7 of the Dungeon on Oct 1, 2013.
             The game lasted 00:37:35 (6268 turns).

PolkaDot the Ruinous (Vampire Wizard)               Turns: 6268, Time: 00:37:35

HP  -4/50        AC  3     Str  7      XL: 8   Next: 43%
MP   0/20        EV 17     Int 22      God: Vehumet [*.....]
Gold 306         SH  0     Dex 13      Spells:  3 memorised,  9 levels left

Res.Fire  : . . .   See Invis. : +   n - +0 sabre (curse)
Res.Cold  : . . .   Warding    : .   a - +0 robe
Life Prot.: . . .   Conserve   : .   (no shield)
Res.Poison: +       Res.Corr.  : +   b - +0 wizard hat
Res.Elec. : .       Clarity    : .   (no cloak)
Sust.Abil.: + .     Spirit.Shd : .   q - +0 pair of gloves
Res.Mut.  : .       Stasis     : .   (no boots)
Res.Rott. : .       Flight     : .   g - amulet of Wuosk {rCorr Str+1 Dex-4}
Saprovore : . . .                    j - ring of sustain abilities
                                     i - ring of poison resistance

@: regenerating quickly, agile, somewhat resistant to hostile enchantments,
quite stealthy
A: bottle blood, fangs 3, see invisible, unbreathing
a: Bottle Blood, Renounce Religion


You were on level 7 of the Dungeon.
You worshipped Vehumet.
Vehumet was aware of your devotion.
You were full.

You visited 1 branch of the dungeon, and saw 7 of its levels.

You collected 286 gold pieces.

Inventory:

Hand weapons
 n - a cursed +0,+0 sabre (weapon)
 o - a +1,+1 anti-magic sabre
Armour
 a - a +0 robe (worn)
 b - a +0 wizard hat (worn)
 q - a +0 pair of gloves (worn)
Magical devices
 d - a wand of magic darts (7)
 v - a wand of frost (6)
 x - a wand of digging (8) {unknown}
Scrolls
 h - 4 scrolls of identify
 l - a scroll of curse armour
 m - 2 scrolls of remove curse
 p - a scroll of noise {unknown}
 r - 2 scrolls of teleportation
Jewellery
 g - the amulet of Wuosk (around neck) {rCorr Str+1 Dex-4}
   (You acquired it on level 5 of the Dungeon)

   [amulet of resist corrosion]

   It affects your strength (+1).
   It affects your dexterity (-4).
 i - a ring of poison resistance (left hand)
 j - a ring of sustain abilities (right hand)
Potions
 e - a potion of slowing
 f - a potion of restore abilities
 k - 3 potions of curing
 u - a potion of might {unknown}
 w - a potion of paralysis {unknown}
Books
 c - a book of Minor Magic

   Spells                             Type                      Level
   *Magic Dart                        Conjuration                  1
   Blink                              Translocation                2
   Call Imp                           Summoning                    2
   Repel Missiles                     Charms/Air                   2
   Slow                               Hexes                        2
   *Conjure Flame                     Conjuration/Fire             3
   *Mephitic Cloud                    Conjuration/Poison/Air       3


   Skills:
 - Level 2.1 Dodging
 - Level 3.0 Stealth
 + Level 4.6 Spellcasting
 + Level 6.0 Conjurations
   Level 1.0 Summonings
   Level 0.7 Translocations
 * Level 5.3 Air Magic


You had 9 spell levels left.
You knew the following spells:

 Your Spells              Type           Power        Failure   Level  Hunger
a - Magic Dart            Conj           ####         1%          1    None
d - Mephitic Cloud        Conj/Pois/Air  ###.....     10%         3    ##.....
s - Conjure Flame         Conj/Fire      ###.....     12%         3    ##.....


Dungeon Overview and Level Annotations

Branches:
Dungeon (7/27)             Temple (0/1) D:5
    Orc: D:6-11

Altars:
Nemelex Xobeh
Trog
Vehumet

Shops:
D:4 */

Annotations:
D:4 goblolo's ghost, average CeAK


Innate Abilities, Weirdness & Mutations

Your natural rate of healing is unusually fast.
You can bottle blood from corpses.
You have razor-sharp teeth.*
You have supernaturally acute eyesight.
You can survive without breathing.*


Message History

The orc warrior is engulfed in noxious fumes.
The orc warrior appears confused.
You hit the orc warrior but do no damage.
The orc warrior is heavily wounded.
The orc warrior gestures wildly.
The goblin closely misses you.
Casting: Mephitic Cloud
Confirm with . or Enter, or press ? or * to list all spells.
Aiming: Mephitic Cloud
Press: ? - help, Shift-Dir - straight line, f - you, p - orc warrior The beam explodes into a vile cloud!
The stinking cloud engulfs you!
* * * LOW HITPOINT WARNING * * *
The stinking cloud engulfs the goblin.
The stinking cloud engulfs the orc warrior.
The orc warrior is heavily wounded.
The stinking cloud engulfs the bat.
The bat completely misses you.
The orc warrior is engulfed in noxious fumes.
The orc warrior appears confused.
The orc warrior hits you with an orcish war axe!
You die...

#.. .. #.
.##.###.####
.......>)).#
.#...##.##<#
# #. #ยง# #.
#o# #. #@#
......hg...b#
..##.##.#..#
#. #.#..# >
#.# .# #.# .#
#.# # #.# #.#


You could see an orc warrior (confused), a jackal, a goblin and a bat.

Vanquished Creatures
  A hill giant (D:7)
  Eustachio (D:5)
  An ogre (D:5)
  A centaur (D:6)
  Blork the orc (D:5)
  A giant frog (D:6)
  A goliath beetle (D:7)
  2 orc priests
  Crazy Yiuf (D:6)
  A jelly (D:6)
  A quasit (D:7)
  3 worker ants (D:5)
  2 scorpions
  Ijyb (D:2)
  A mummy (D:6)
  7 adders
  An inept feature mimic (D:3)
  A worm (D:3)
  An adder skeleton (D:6)
  10 orcs
  10 bats
  5 giant cockroaches
  18 hobgoblins
  10 jackals
  8 kobolds
  2 quokkas
  2 giant geckos (D:3)
  5 giant newts
  2 giant spores
  17 goblins
  An orc skeleton (D:6)
  12 rats
  2 ballistomycetes (D:6)
  A fungus (D:6)
134 creatures vanquished.

Vanquished Creatures (others)
  2 adders (D:5)
  A bat (D:4)
  A kobold (D:5)
4 creatures vanquished.

Grand Total: 138 creatures vanquished

Notes
Turn   | Place    | Note
--------------------------------------------------------------
     0 | D:1      | PolkaDot, the Vampire Wizard, began the quest for the Orb.
     0 | D:1      | Reached XP level 1. HP: 11/11 MP: 6/6
    54 | D:1      | Upgraded the game from 0.14-a0-59-gd5eeb80 to 0.14-a0-77-g9a1e883
    94 | D:1      | Reached skill level 1 in Conjurations
   261 | D:1      | Reached XP level 2. HP: 12/17 MP: 1/8
  1037 | D:1      | Reached XP level 3. HP: 22/22 MP: 3/10
  1098 | D:1      | Learned a level 3 spell: Conjure Flame
  1102 | D:1      | Learned a level 3 spell: Mephitic Cloud
  1625 | D:2      | Noticed Ijyb
  1670 | D:2      | Killed Ijyb
  1736 | D:2      | Found a bloodstained altar of Trog.
  1781 | D:2      | Reached XP level 4. HP: 28/28 MP: 7/12
  3034 | D:4      | Found Skaim's Magical Wand Shoppe.
  3067 | D:4      | Reached XP level 5. HP: 29/33 MP: 6/13
  3501 | D:4      | Found Garphil's Hardware Store.
  3508 | D:4      | Noticed goblolo's ghost (average CeAK)
  3518 | D:5      | Entered Level 5 of the Dungeon
  3518 | D:5      | Noticed an ogre
  3534 | D:5      | Killed an ogre
  3534 | D:5      | Reached skill level 4 in Conjurations
  3645 | D:5      | Found a radiant altar of Vehumet.
  3667 | D:5      | Became a worshipper of Vehumet
  3773 | D:5      | Noticed Blork the orc
  3795 | D:5      | Killed Blork the orc
  3795 | D:5      | Reached XP level 6. HP: 27/39 MP: 0/15
  3943 | D:5      | Reached skill level 5 in Conjurations
  4016 | D:5      | Found a sparkling altar of Nemelex Xobeh.
  4268 | D:5      | Noticed Eustachio
  4297 | D:5      | Killed Eustachio
  4297 | D:5      | Reached skill level 1 in Air Magic
  4297 | D:5      | Reached XP level 7. HP: 44/44 MP: 4/17
  4928 | D:5      | Found a staircase to the Ecumenical Temple.
  5081 | D:5      | Identified a scroll of acquirement
  5082 | D:5      | Got a steaming bronze amulet
  5084 | D:5      | Identified the amulet of Wuosk {rCorr Str+1 Dex-4} (You acquired it on level 5 of the Dungeon)
  5984 | D:6      | Noticed Crazy Yiuf
  5992 | D:6      | Killed Crazy Yiuf
  6050 | D:7      | Noticed a hill giant
  6059 | D:7      | Killed a hill giant
  6059 | D:7      | Reached skill level 5 in Air Magic
  6059 | D:7      | Reached XP level 8. HP: 50/50 MP: 1/20
  6079 | D:7      | Acquired Vehumet's first power
  6079 | D:7      | Offered knowledge of Sandblast by Vehumet.
  6079 | D:7      | Reached skill level 6 in Conjurations
  6268 | D:7      | Slain by an orc warrior

Action                   |  1- 3 |  4- 6 |  7- 9 || total
-------------------------+-------+-------+-------++-------
Melee: Dagger            |    35 |       |       ||    35
       Sabre             |    27 |    22 |    55 ||   104
 Cast: Magic Dart        |   101 |   153 |    90 ||   344
       Mephitic Cloud    |     1 |     7 |     5 ||    13
       Conjure Flame     |       |     7 |    11 ||    18
 Abil: Bottle Blood      |       |       |     3 ||     3
  Use: Potion            |       |     9 |     5 ||    14
       Scroll            |       |     9 |     2 ||    11
 Stab: Confused          |     2 |     1 |     1 ||     4
       Sleeping          |       |     1 |     1 ||     2
